General information
- name: BNet
- type: Ladder team game (AT/RT)
- host: Battle.net
- saver: TALONSAREIMBA
map: MarketSquare
- players: 8
- length: 18:40
- speed: Fast
- version: 1.24 W3XP
- replay type: Public
» download(126 KB)
Players
team 1 (loser)
CraZeD.NutS (
red | 68 APM | 1022 actions | 15:02)
4 Death Knight
2 Death Coil
2 Unholy Aura
3 Lich
1 Frost Nova
2 Frost Armor
» actions
| Assign group hotkey | 24 | |
| Basic commands | 76 | |
| Build / train | 46 | |
| Enter build submenu | 13 | |
| Enter hero's abilities submenu | 7 | |
| Right click | 341 | |
| Select / deselect | 227 | |
| Select group hotkey | 223 | |
| Use ability | 65 | |
1022 total
» units
| Acolyte | 7 | |
| Ghoul | 2 | |
| Crypt Fiend | 15 | |
| Obsidian Statue | 2 | |
26 total
» upgrades
» buildings
| Crypt | 1 | |
| Graveyard | 1 | |
| Altar of Darkness | 1 | |
| Ziggurat | 5 | |
| Tomb of Relics | 1 | |
| Halls of the Dead | 1 | |
| Spirit Tower | 1 | |
| Necropolis | 1 | |
| Black Citadel | 1 | |
| Slaughterhouse | 2 | |
15 total
» build order
00:24 Crypt
00:29 Graveyard
00:45 Altar of Darkness
00:59 Ziggurat
01:19 Tomb of Relics
02:06 Ziggurat
03:43 Ziggurat
06:11 Halls of the Dead
06:48 Spirit Tower
06:52 Ziggurat
08:40 Necropolis
09:49 Ziggurat
10:33 Black Citadel
10:54 Slaughterhouse
13:04 Slaughterhouse
» items
| Rod of Necromancy | 3 | |
| Scroll of Town Portal | 2 | |
| Potion of Healing | 1 | |
6 total
you.said.what (
green | 43 APM | 794 actions | 18:38)
7 Priestess of the Moon
2 Searing Arrows
3 Trueshot Aura
1 Starfall
1 Scout
» actions
| Assign group hotkey | 15 | |
| Basic commands | 47 | |
| Build / train | 60 | |
| Enter build submenu | 12 | |
| Enter hero's abilities submenu | 7 | |
| Right click | 178 | |
| Select / deselect | 277 | |
| Select group hotkey | 159 | |
| Use ability | 39 | |
794 total
» units
| Wisp | 12 | |
| Archer | 18 | |
| Hippogryph | 9 | |
39 total
» upgrades
| Improved Bows | 1 | |
| Strength of the Moon | 3 | |
| Moon Armor | 2 | |
| Hippogryph Taming | 1 | |
| Marksmanship | 1 | |
8 total
» buildings
| Altar of Elders | 1 | |
| Moon Well | 5 | |
| Ancient of War | 2 | |
| Tree of Ages | 1 | |
| Hunter's Hall | 1 | |
| Ancient of Wonders | 1 | |
| Tree of Eternity | 1 | |
| Ancient of Wind | 2 | |
14 total
» build order
00:20 Altar of Elders
00:33 Moon Well
00:48 Ancient of War
01:35 Moon Well
02:03 Ancient of War
02:15 Moon Well
04:12 Tree of Ages
06:05 Hunter's Hall
06:07 Ancient of Wonders
06:13 Moon Well
06:17 Moon Well
07:58 Tree of Eternity
08:04 Ancient of Wind
08:19 Ancient of Wind
» items

»
Calagram (
orange | 34 APM | 540 actions | 16:00)
4 Death Knight
2 Death Coil
2 Unholy Aura
» actions
| Basic commands | 6 | |
| Build / train | 37 | |
| Enter build submenu | 15 | |
| Enter hero's abilities submenu | 4 | |
| Right click | 300 | |
| Select / deselect | 152 | |
| Use ability | 26 | |
540 total
» units
| Acolyte | 7 | |
| Ghoul | 5 | |
| Crypt Fiend | 3 | |
| Frost Wyrm | 6 | |
21 total
» upgrades
| Freezing Breath | 1 | |
| Creature Attack | 2 | |
| Creature Carapace | 1 | |
4 total
» buildings
| Altar of Darkness | 1 | |
| Ziggurat | 5 | |
| Graveyard | 2 | |
| Crypt | 1 | |
| Halls of the Dead | 1 | |
| Tomb of Relics | 1 | |
| Nerubian Tower | 1 | |
| Spirit Tower | 2 | |
| Sacrificial Pit | 1 | |
| Black Citadel | 1 | |
| Boneyard | 2 | |
18 total
» build order
00:09 Altar of Darkness
00:12 Ziggurat
00:39 Graveyard
00:45 Graveyard
01:02 Crypt
01:24 Ziggurat
03:04 Halls of the Dead
03:42 Tomb of Relics
04:45 Nerubian Tower
04:58 Spirit Tower
06:36 Sacrificial Pit
07:42 Black Citadel
07:48 Ziggurat
07:51 Ziggurat
09:46 Ziggurat
10:00 Spirit Tower
10:10 Boneyard
12:22 Boneyard
» items
| Orb of Corruption | 1 | |
| Orb of Venom | 1 | |
2 total

»
Cornbread (
yellow | 36 APM | 509 actions | 14:11)
3 Blademaster
2 Wind Walk
1 Critical Strike
2 Naga Sea Witch
1 Frost Arrows
1 Forked Lightning
» actions
| Build / train | 27 | |
| Enter build submenu | 14 | |
| Enter hero's abilities submenu | 5 | |
| Right click | 288 | |
| Select / deselect | 148 | |
| Use ability | 27 | |
509 total
» units
| Peon | 5 | |
| Wind Rider | 7 | |
| Troll Batrider | 2 | |
14 total
» upgrades
| Envenomed Spears | 1 | |
| Ranged Weapons | 1 | |
2 total
» buildings
| Altar of Storms | 1 | |
| Orc Burrow | 6 | |
| Stronghold | 1 | |
| War Mill | 1 | |
| Beastiary | 2 | |
| Fortress | 1 | |
| Voodoo Lounge | 1 | |
13 total
» build order
00:15 Altar of Storms
00:24 Orc Burrow
01:47 Stronghold
02:01 War Mill
02:09 Orc Burrow
04:40 Beastiary
04:44 Beastiary
05:52 Orc Burrow
06:02 Fortress
06:21 Voodoo Lounge
07:40 Orc Burrow
08:18 Orc Burrow
11:18 Orc Burrow
» items
| Healing Salve | 1 | |
| Orb of Lightning | 1 | |
2 total
team 2 (winner)

»
FM-Raptor (
teal | 58 APM | 1074 actions | 18:39)
3 Dreadlord
1 Carrion Swarm
2 Vampiric Aura
1 Crypt Lord
1 Impale
» actions
| Assign group hotkey | 53 | |
| Basic commands | 54 | |
| Build / train | 79 | |
| ESC pressed | 3 | |
| Enter build submenu | 22 | |
| Enter hero's abilities submenu | 4 | |
| Give item / drop item | 1 | |
| Right click | 240 | |
| Select / deselect | 298 | |
| Select group hotkey | 260 | |
| Use ability | 60 | |
1074 total
» units
| Acolyte | 5 | |
| Ghoul | 7 | |
| Archer | 8 | |
| Meatwagon | 5 | |
| Necromancer | 15 | |
| Obsidian Statue | 2 | |
| Gargoyle | 3 | |
| Druid of the Talon | 6 | |
| Chimaera | 3 | |
54 total
» upgrades
| Exhume Corpses | 1 | |
| Necromancer Training | 1 | |
| Skeletal Longevity | 1 | |
| Unholy Strength | 1 | |
| Druid of the Talon Training | 2 | |
| Strength of the Wild | 1 | |
| Reinforced Hides | 2 | |
| Nature's Blessing | 1 | |
| Corrosive Breath | 1 | |
| Mark of the Talon | 1 | |
12 total
» buildings
| Ziggurat | 6 | |
| Altar of Darkness | 1 | |
| Crypt | 1 | |
| Halls of the Dead | 1 | |
| Nerubian Tower | 2 | |
| Graveyard | 1 | |
| Tomb of Relics | 1 | |
| Slaughterhouse | 1 | |
| Temple of the Damned | 2 | |
| Moon Well | 2 | |
| Hunter's Hall | 1 | |
| Spirit Tower | 2 | |
| Ancient of Wind | 3 | |
| Chimaera Roost | 1 | |
25 total
» build order
00:04 Ziggurat
00:09 Altar of Darkness
00:20 Crypt
01:50 Ziggurat
02:42 Halls of the Dead
02:46 Nerubian Tower
02:53 Nerubian Tower
04:01 Graveyard
04:19 Ziggurat
04:33 Tomb of Relics
05:58 Ziggurat
06:01 Slaughterhouse
06:03 Temple of the Damned
06:06 Temple of the Damned
06:31 Moon Well
06:38 Hunter's Hall
06:52 Spirit Tower
07:22 Spirit Tower
07:31 Moon Well
08:11 Ziggurat
10:33 Ancient of Wind
10:35 Ancient of Wind
12:51 Ancient of Wind
13:20 Ziggurat
16:01 Chimaera Roost
» items
| Potion of Healing | 1 | |
| Scroll of Town Portal | 1 | |
2 total

»
TALONSAREIMBA (
blue | 138 APM | 2581 actions | 18:40)
6 Death Knight
3 Death Coil
3 Unholy Aura
3 Lich
2 Frost Nova
1 Frost Armor
» actions
| Assign group hotkey | 26 | |
| Basic commands | 134 | |
| Build / train | 86 | |
| Enter build submenu | 15 | |
| Enter hero's abilities submenu | 9 | |
| Give item / drop item | 1 | |
| Right click | 1149 | |
| Select / deselect | 650 | |
| Select group hotkey | 411 | |
| Use ability | 100 | |
2581 total
» units
| Acolyte | 2 | |
| Ghoul | 3 | |
| Wisp | 17 | |
| Crypt Fiend | 10 | |
| Archer | 3 | |
| Frost Wyrm | 2 | |
| Chimaera | 2 | |
39 total
» upgrades
| Web | 1 | |
| Burrow | 1 | |
| Creature Attack | 1 | |
3 total
» buildings
| Crypt | 1 | |
| Graveyard | 1 | |
| Altar of Darkness | 1 | |
| Ziggurat | 5 | |
| Tomb of Relics | 1 | |
| Halls of the Dead | 2 | |
| Tree of Ages | 2 | |
| Black Citadel | 1 | |
| Sacrificial Pit | 1 | |
| Boneyard | 1 | |
| Chimaera Roost | 1 | |
| Moon Well | 3 | |
20 total
» build order
00:07 Crypt
00:21 Graveyard
00:42 Altar of Darkness
00:58 Ziggurat
01:31 Tomb of Relics
02:02 Ziggurat
04:11 Halls of the Dead
04:11 Halls of the Dead
04:24 Ziggurat
05:26 Ziggurat
06:14 Tree of Ages
06:14 Tree of Ages
08:22 Black Citadel
09:52 Sacrificial Pit
11:00 Boneyard
12:52 Chimaera Roost
12:53 Moon Well
12:55 Moon Well
12:57 Moon Well
15:17 Ziggurat
» items
| Rod of Necromancy | 5 | |
| Scroll of Town Portal | 5 | |
| Potion of Mana | 2 | |
| Potion of Healing | 8 | |
| Orb of Corruption | 5 | |
| Scroll of Healing | 2 | |
27 total
Shadowsong. (
purple | 35 APM | 651 actions | 18:39)
5 Mountain King
3 Storm Bolt
2 Bash
2 Demon Hunter
1 Evasion
1 Mana Burn
4 Paladin
2 Holy Light
2 Divine Shield
» actions
| Build / train | 56 | |
| Enter build submenu | 23 | |
| Enter hero's abilities submenu | 11 | |
| Remove unit from queue | 1 | |
| Right click | 274 | |
| Select / deselect | 231 | |
| Use ability | 55 | |
651 total
» units
| Peasant | 12 | |
| Footman | 8 | |
| Archer | 2 | |
| Gryphon Rider | 10 | |
| Dragonhawk Rider | 2 | |
34 total
» upgrades
| Lumber Harvesting | 2 | |
| Masonry | 1 | |
| Swords | 1 | |
| Armor | 1 | |
5 total
» buildings
| Altar of Kings | 1 | |
| Farm | 11 | |
| Barracks | 1 | |
| Keep | 1 | |
| Moon Well | 1 | |
| Lumber Mill | 1 | |
| Castle | 1 | |
| Town Hall | 1 | |
| Gryphon Aviary | 3 | |
| Tree of Eternity | 1 | |
| Blacksmith | 1 | |
| Arcane Vault | 1 | |
24 total
» build order
00:10 Altar of Kings
00:12 Farm
00:18 Barracks
00:21 Farm
01:01 Farm
01:42 Farm
02:24 Farm
03:20 Keep
03:32 Moon Well
04:36 Lumber Mill
05:59 Castle
06:14 Town Hall
06:50 Farm
07:23 Gryphon Aviary
07:27 Gryphon Aviary
07:47 Farm
07:52 Gryphon Aviary
08:51 Tree of Eternity
09:06 Farm
09:53 Farm
10:59 Blacksmith
16:43 Arcane Vault
18:06 Farm
18:30 Farm

»
chasedown (
pink | 36 APM | 30 actions | 00:49)
» actions
| Assign group hotkey | 2 | |
| Build / train | 2 | |
| Enter build submenu | 3 | |
| Right click | 3 | |
| Select / deselect | 13 | |
| Use ability | 7 | |
30 total
» units
» buildings
| Altar of Elders | 1 | |
| Ancient of War | 1 | |
| Moon Well | 1 | |
3 total
» build order
00:07 Altar of Elders
00:11 Ancient of War
00:16 Moon Well
Chat log
(00:27 / Allies) Shadowsong.: units?
(00:34 / Allies) FM-Raptor: i can get necs
(00:45 / Allies) Shadowsong.: i got gryphs hawks
(00:53 / All) CraZeD.NutS: GG
(00:55 / Allies) FM-Raptor: wtf?
(00:58 / All) Calagram: roles reversed, eh teal?
(01:04 / All) FM-Raptor: lol
(01:10 / Allies) FM-Raptor: someone take him
(01:16 / All) Calagram: we had two, actually
(01:20 / All) Calagram: one just not playing, and one left
(01:23 / All) FM-Raptor: whats with all these quitters?
(01:32 / All) Calagram: probably 2nd cd keys
(01:39 / Allies) FM-Raptor: who unrooted pink wtf?
(01:46 / Allies) Shadowsong.: he did it
(01:54 / Allies) Shadowsong.: like a bastard
(01:55 / Allies) FM-Raptor: what a bitch
(02:14 / All) FM-Raptor: apparently he left just to fuck us lol
(02:27 / All) Calagram: a good fucking is always nice
(02:43 / All) Calagram: someone was undead once, unsummoned base and left
(02:54 / All) Shadowsong.: that happens a lot
(04:30 / Allies) FM-Raptor: someone expose them
(05:23 / Allies) Shadowsong.: guys meet up and creep mid
(05:24 / Allies) FM-Raptor: lol
(05:32 / Allies) FM-Raptor: sure
(05:36 / Allies) Shadowsong.: teal come and bring pink
(05:48 / Allies) Shadowsong.: shit nevermind.. deal with bastards
(08:44 / Allies) FM-Raptor: im gonna hit green
(10:17 / All) FM-Raptor: why am i even trying?
(11:20 / Allies) TALONSAREIMBA: gold me a little
(11:21 / Allies) TALONSAREIMBA: someone
(11:27 / Allies) FM-Raptor: spend pinks gold
(11:29 / Allies) TALONSAREIMBA: thanks
(11:43 / Allies) Shadowsong.: someone tp with me
(12:01 / Allies) Shadowsong.: go
(13:13 / Allies) Shadowsong.: who wants gold
(13:15 / Allies) TALONSAREIMBA: me
(13:39 / Allies) Shadowsong.: go
(15:59 / Allies) Shadowsong.: help
(16:26 / All) FM-Raptor: wow
(16:56 / Allies) Shadowsong.: need aa
(17:01 / Allies) TALONSAREIMBA: gold
(18:30 / All) you.said.what: my allies left too early
(18:35 / All) FM-Raptor: yes